[Event "GambitGuide"]
[Site "Internet Chess Club"]
[Date "2014.10.30"]
[Round "1"]
[White "JSBach"]
[Black "kingsac"]
[Result "1/2-1/2"]
[ICCResult "Game drawn by repetition"]
[WhiteElo "1707"]
[BlackElo "1964"]
[Opening "Vienna: `Frankenstein-Dracula' variation"]
[ECO "C27"]
[NIC "VG.02"]
[Time "19:25:58"]
[TimeControl "120+12"]

1. e4 e5 2. Nc3 Nf6 3. Bc4 Nxe4 4. Qh5 Nd6 5. Bb3 Nc6 6. Nb5 g6 7. Qf3 f5 8.
Qd5 Qe7 9. Nxc7+ Kd8 10. Nxa8 b6 11. Ba4 Ba6 12. Bxc6 dxc6 13. Qb3 Qb7 14.
Qe6 Nf7 15. Nf3 Bg7 16. d3 Re8 17. Qb3 Kc8 18. Be3 Kb8 19. Nxb6 axb6 20.
Bxb6 e4 21. Bc7+ Kxc7 22. Qxf7+ Kb6 23. Qxe8 exf3 24. gxf3 Ka7 25. Qe3+ c5
26. Qxc5+ Ka8 27. Qd6 Ka7 28. O-O Qxf3 29. Qc5+ Ka8 30. Rfb1 Bb7 31. Qa3+
Kb8 32. Qd6+ Ka7 33. Kf1 Qg2+ 34. Ke1 Bf3 35. Qd7+ Kb6 36. Qxg7 Qg1+ 37. Kd2
Qxf2+ 38. Kc3 Qc5+ 39. Kb3 Qb5+ 40. Kc3 Qc5+ 41. Kb3 Qb5+ 42. Kc3 Qc5+ 43.
Kb3 Qb5+ 44. Kc3 {Game drawn by repetition} 1/2-1/2

[Event "GambitGuide"]
[Site "Internet Chess Club"]
[Date "2014.10.30"]
[Round "1"]
[White "JSBach"]
[Black "Thatswatshesaid"]
[Result "1-0"]
[ICCResult "Black resigns"]
[WhiteElo "1707"]
[BlackElo "1304"]
[Opening "Vienna: `Frankenstein-Dracula' variation"]
[ECO "C27"]
[NIC "VG.02"]
[Time "19:29:59"]
[TimeControl "120+12"]

1. e4 e5 2. Nc3 Nf6 3. Bc4 Nxe4 4. Qh5 Nd6 5. Bb3 Nc6 6. Nb5 g6 7. Qf3 f5 8.
Qd5 Qe7 9. Nxc7+ Kd8 10. Nxa8 b6 11. Ba4 Nb4 12. Qb3 {Black resigns} 1-0

[Event "GambitGuide"]
[Site "Internet Chess Club"]
[Date "2014.10.30"]
[Round "1"]
[White "JSBach"]
[Black "Plato1"]
[Result "0-1"]
[ICCResult "White checkmated"]
[WhiteElo "1707"]
[BlackElo "1584"]
[Opening "Vienna: `Frankenstein-Dracula' variation"]
[ECO "C27"]
[NIC "VG.02"]
[Time "19:24:52"]
[TimeControl "120+12"]

1. e4 e5 2. Nc3 Nf6 3. Bc4 Nxe4 4. Qh5 Nd6 5. Bb3 Nc6 6. Nb5 g6 7. Qf3 f5 8.
Qd5 Qe7 9. Nxc7+ Kd8 10. Nxa8 b6 11. Ba4 Bb7 12. Nxb6 axb6 13. Qb3 Kc7 14.
Ne2 Bg7 15. Nc3 Nd4 16. Nd5+ Bxd5 17. Qxd5 Qe6 18. Qxe6 Nxe6 19. c3 Nc5 20.
Bc2 e4 21. h4 Nc4 22. b3 Ne5 23. Ke2 Ncd3 24. Rd1 Bh6 25. Ba3 Nf4+ 26. Kf1
Nfd3 27. Ke2 Nf4+ 28. Kf1 Nfd3 29. Be7 Re8 30. Bf6 d5 31. Bxe5+ Nxe5 32. b4
Nc4 33. Ke2 Rd8 34. a4 d4 35. Bb3 d3+ 36. Ke1 Ne5 37. a5 f4 38. axb6+ Kxb6
39. c4 e3 40. c5+ Kb5 41. fxe3 fxe3 42. Ra4 e2 43. Rda1 Rf8 44. Bf7 Rxf7 45.
Ra5+ Kc4 46. Rc1+ Kb3 47. Rb1+ Kc2 48. Rc1+ Kxc1 49. Ra1+ Kb2 50. Rb1+ Kxb1
51. b5 Rf1# {White checkmated} 0-1

[Event "GambitGuide"]
[Site "Internet Chess Club"]
[Date "2014.10.30"]
[Round "1"]
[White "JSBach"]
[Black "anticreep"]
[Result "0-1"]
[ICCResult "White checkmated"]
[WhiteElo "1707"]
[BlackElo "1400"]
[Opening "Vienna: `Frankenstein-Dracula' variation"]
[ECO "C27"]
[NIC "VG.02"]
[Time "19:19:41"]
[TimeControl "120+12"]

1. e4 e5 2. Nc3 Nf6 3. Bc4 Nxe4 4. Qh5 Nd6 5. Bb3 Nc6 6. Nb5 g6 7. Qf3 f5 8.
Qd5 Qe7 9. Nxc7+ Kd8 10. Nxa8 b6 11. Ba4 Bb7 12. Nxb6 axb6 13. Qb3 b5 14.
Nf3 bxa4 15. Qxa4 e4 16. Nd4 Nxd4 17. Qxd4 Bg7 18. Qc5 Bc6 19. O-O Ke8 20.
Re1 Kf7 21. d4 Nb7 22. Qc3 Qd6 23. Be3 h6 24. a4 g5 25. b4 f4 26. Bd2 Qxd4
27. Qxd4 Bxd4 28. c3 Bf6 29. b5 Bd5 30. a5 Bc4 31. a6 Nc5 32. a7 Ra8 33. b6
Bd8 34. Reb1 Nb7 35. Rb4 Bd5 36. h4 Bc6 37. Rb3 Bf6 38. Rab1 Ke6 39. Re1 d5
40. Re2 Kf5 41. hxg5 hxg5 42. Kh2 g4 43. Re1 Rh8+ 44. Kg1 Nc5 45. Rbb1 Bb7
46. Rb5 Nd3 47. Rf1 Rc8 48. Rb3 Be7 49. Rbb1 Bc5 50. Rb5 g3 51. Rd1 Bxf2+
52. Kf1 Ne5 53. Ke2 Ba6 54. Rb1 Bxb6 55. Bxf4 Kxf4 56. a8=B Rc5 57. c4 Bxb5
58. cxb5 Rc2+ 59. Kd1 Rxg2 60. Bxd5 Rg1+ 61. Ke2 Rxb1 62. Bc6 Rb2+ 63. Kd1
Ke3 64. Bxe4 Kxe4 65. Kc1 Rh2 66. Kd1 g2 67. Kc2 g1=Q+ 68. Kc3 Qd4+ 69. Kb3
Rb2+ 70. Ka3 Qb4# {White checkmated} 0-1

[Event "GambitGuide"]
[Site "Internet Chess Club"]
[Date "2014.10.30"]
[Round "1"]
[White "JSBach"]
[Black "fishhead"]
[Result "1-0"]
[ICCResult "Black resigns"]
[WhiteElo "1707"]
[BlackElo "1597"]
[Opening "Vienna: `Frankenstein-Dracula' variation"]
[ECO "C27"]
[NIC "VG.02"]
[Time "19:30:23"]
[TimeControl "120+12"]

1. e4 e5 2. Nc3 Nf6 3. Bc4 Nxe4 4. Qh5 Nd6 5. Bb3 Nc6 6. Nb5 g6 7. Qf3 f5 8.
Qd5 Qe7 9. Nxc7+ Kd8 10. Nxa8 b6 11. Ba4 Bb7 12. Nxb6 axb6 13. Qb3 b5 14.
Nf3 bxa4 15. Qxa4 h6 16. O-O Qf7 17. Nxe5 Nxe5 18. Qa5+ Kc8 19. Qxe5 Qg7 20.
Qc5+ Bc6 21. Re1 Ne4 22. Qb6 Bd6 23. a4 Bc7 24. Qa6+ Bb7 25. Qa7 Bb8 26. Qb6
d5 27. Qe6+ Kd8 28. d3 Nc5 29. Qb6+ {Black resigns} 1-0

[Event "GambitGuide"]
[Site "Internet Chess Club"]
[Date "2014.10.30"]
[Round "1"]
[White "JSBach"]
[Black "luuttu"]
[Result "1-0"]
[ICCResult "Black resigns"]
[WhiteElo "1707"]
[BlackElo "1568"]
[Opening "Vienna: `Frankenstein-Dracula' variation"]
[ECO "C27"]
[NIC "VG.02"]
[Time "19:27:02"]
[TimeControl "120+12"]

1. e4 e5 2. Nc3 Nf6 3. Bc4 Nxe4 4. Qh5 Nd6 5. Bb3 Nc6 6. Nb5 g6 7. Qf3 f5 8.
Qd5 Qe7 9. Nxc7+ Kd8 10. Nxa8 b6 11. Ba4 Bb7 12. Nxb6 axb6 13. Qb3 Kc7 14.
Ne2 Ne4 15. d3 Nc5 16. Qa3 Nxa4 17. Qxa4 Qb4+ 18. Nc3 Qg4 19. Nd5+ Kd6 20.
Qxg4 fxg4 21. Nxb6 Nd4 22. Nc4+ Kd5 23. Ne3+ Ke6 24. Rg1 h5 25. c3 Nf5 26.
b4 Nh4 27. a4 d5 28. b5 d4 29. cxd4 exd4 30. Bb2 Bb4+ 31. Kd1 Rd8 32. Nc2
Bc3 33. Bxc3 dxc3 34. Ne1 Be4 35. Kc2 Bf5 36. Kxc3 g5 37. a5 Ng6 38. d4 Nf4
39. Ra2 Nd5+ 40. Kb3 Rb8 41. Re2+ Kd6 42. b6 Nxb6 43. axb6 Rxb6+ 44. Ka4 Rb1
45. Re5 Be6 46. Rxg5 h4 47. f4 gxf3 48. Nxf3 Ra1+ 49. Rxa1 {Black resigns}
1-0

[Event "GambitGuide"]
[Site "Internet Chess Club"]
[Date "2014.10.30"]
[Round "1"]
[White "JSBach"]
[Black "Lucas"]
[Result "0-1"]
[ICCResult "White checkmated"]
[WhiteElo "1707"]
[BlackElo "2376"]
[Opening "Vienna: `Frankenstein-Dracula' variation"]
[ECO "C27"]
[NIC "VG.02"]
[Time "19:27:31"]
[TimeControl "120+12"]

1. e4 e5 2. Nc3 Nf6 3. Bc4 Nxe4 4. Qh5 Nd6 5. Bb3 Nc6 6. Nb5 g6 7. Qf3 f5 8.
Qd5 Qe7 9. Nxc7+ Kd8 10. Nxa8 b6 11. Ba4 Bb7 12. Nxb6 axb6 13. Qb3 b5 14. d3
Nd4 15. Qc3 bxa4 16. Kf1 N6b5 17. Qa5+ Ke8 18. c3 Bc6 19. cxd4 Nxd4 20. Be3
Nc2 21. Rc1 Nxe3+ 22. fxe3 Bh6 23. Qb6 Kf7 24. Rc4 e4 25. Rc3 exd3 26. Qd4
Rb8 27. Rxd3 Bg7 28. Qc4+ Kf8 29. Nf3 Rxb2 30. Nd2 Bb5 31. Qd5 Bxd3+ 32.
Qxd3 Qb4 33. Ke2 Bc3 34. Rd1 Rxa2 35. Qxd7 Bxd2 36. Qd8+ Kf7 37. Qd5+ Kg7
38. h3 Rb2 39. Qd7+ Kh6 40. Qd3 Bxe3+ 41. Kxe3 Rb3 42. Ke2 Rxd3 43. Kxd3
Qd6+ 44. Ke2 Qxd1+ 45. Kxd1 Kg5 46. Kc2 Kf4 47. Kd3 Kg3 48. Kc2 Kxg2 49. h4
f4 50. Kc3 f3 51. Kb4 f2 52. Kxa4 f1=Q 53. Kb3 g5 54. hxg5 Qf5 55. Kb2 Qxg5
56. Kc2 h5 57. Kd3 h4 58. Kc3 h3 59. Kd4 h2 60. Kc4 h1=Q 61. Kd4 Qhh4+ 62.
Kd3 Qhf4 63. Kc3 Qgg3+ 64. Kc2 Qff3 65. Kc1 Qc3+ 66. Kb1 Qgd3+ 67. Ka2 Qdc2#
{White checkmated}
0-1

[Event "GambitGuide"]
[Site "Internet Chess Club"]
[Date "2014.10.30"]
[Round "1"]
[White "JSBach"]
[Black "kingsac"]
[Result "1-0"]
[ICCResult "Black resigns"]
[WhiteElo "1707"]
[BlackElo "1964"]
[Opening "Vienna: `Frankenstein-Dracula' variation"]
[ECO "C27"]
[NIC "VG.02"]
[Time "19:32:09"]
[TimeControl "120+12"]

1. e4 e5 2. Nc3 Nf6 3. Bc4 Nxe4 4. Qh5 Nd6 5. Bb3 Nc6 6. Nb5 g6 7. Qf3 f5 8.
Qd5 Qe7 9. Nxc7+ Kd8 10. Nxa8 b6 11. Ba4 Ba6 12. Bxc6 dxc6 13. Qb3 Qb7 14.
Qe6 Nf7 15. Nf3 Bg7 16. d3 Re8 17. Qb3 Nd6 18. Ng5 h6 19. Ne6+ Kc8 20. Nac7
Re7 21. Nxa6 Qxa6 22. Nxg7 Rxg7 23. Qe6+ Rd7 24. Qxe5 Kd8 25. Qf6+ Ke8 26.
Bxh6 Re7+ 27. Be3 Qa4 28. Qxd6 g5 29. Qg6+ Kd7 30. Qxf5+ {Black resigns} 1-0

[Event "GambitGuide"]
[Site "Internet Chess Club"]
[Date "2014.10.30"]
[Round "1"]
[White "JSBach"]
[Black "searchforbobby1"]
[Result "0-1"]
[ICCResult "White checkmated"]
[WhiteElo "1707"]
[BlackElo "1970"]
[Opening "Vienna: `Frankenstein-Dracula' variation"]
[ECO "C27"]
[NIC "VG.02"]
[Time "19:26:23"]
[TimeControl "120+12"]

1. e4 e5 2. Nc3 Nf6 3. Bc4 Nxe4 4. Qh5 Nd6 5. Bb3 Nc6 6. Nb5 g6 7. Qf3 f5 8.
Qd5 Qe7 9. Nxc7+ Kd8 10. Nxa8 b6 11. Ba4 Bb7 12. Nxb6 axb6 13. Qb3 Kc7 14.
Ne2 Qg5 15. O-O Nd4 16. Qc3+ Kb8 17. Qh3 Nxe2+ 18. Kh1 Nf4 19. Qg3 Bxg2+ 20.
Kg1 Ne2+ 21. Kxg2 Nxg3 22. fxg3 Qg4 23. Bxd7 Qe2+ 24. Kg1 Ne4 25. d4 exd4
26. Bf4+ Bd6 27. Bxd6+ Nxd6 28. Rf2 Qe7 29. Bc6 Qc7 30. Bd5 Re8 31. Rd1 Qc5
32. Bg2 Ne4 33. Bxe4 fxe4 34. a3 e3 35. Re2 Qc4 36. Rde1 Rf8 37. c3 Rf3 38.
Kg2 Qd5 39. Kg1 d3 40. Rxe3 Qc5 41. b4 Qxe3+ 42. Rxe3 Rxe3 43. Kf2 Re8 44.
c4 d2 45. c5 d1=Q 46. Kg2 Qg4 47. Kf2 Re2+ 48. Kg1 Qd4+ 49. Kf1 Qd1#
{White checkmated}
0-1

[Event "GambitGuide"]
[Site "Internet Chess Club"]
[Date "2014.10.30"]
[Round "1"]
[White "JSBach"]
[Black "boveymvp"]
[Result "1-0"]
[ICCResult "Black resigns"]
[WhiteElo "1707"]
[BlackElo "1577"]
[Opening "Vienna: `Frankenstein-Dracula' variation"]
[ECO "C27"]
[NIC "VG.02"]
[Time "19:32:23"]
[TimeControl "120+12"]

1. e4 e5 2. Nc3 Nf6 3. Bc4 Nxe4 4. Qh5 Nd6 5. Bb3 Nc6 6. Nb5 g6 7. Qf3 f5 8.
Qd5 Qe7 9. Nxc7+ Kd8 10. Nxa8 b6 11. Ba4 Bb7 12. Nxb6 axb6 13. Qb3 Nc8 14.
Ne2 Bg7 15. O-O Rf8 16. Qh3 h6 17. Re1 d5 18. d4 exd4 19. Bxh6 Rh8 20. Nxd4
Rxh6 21. Rxe7 Rxh3 22. Nxc6+ Bxc6 23. Rxg7 {Black resigns} 1-0

[Event "GambitGuide"]
[Site "Internet Chess Club"]
[Date "2014.10.30"]
[Round "1"]
[White "JSBach"]
[Black "TwinsburgOHUSA"]
[Result "1-0"]
[ICCResult "Black resigns"]
[WhiteElo "1707"]
[BlackElo "1299"]
[Opening "Vienna: `Frankenstein-Dracula' variation"]
[ECO "C27"]
[NIC "VG.02"]
[Time "19:33:09"]
[TimeControl "120+12"]

1. e4 e5 2. Nc3 Nf6 3. Bc4 Nxe4 4. Qh5 Nd6 5. Bb3 Nc6 6. Nb5 g6 7. Qf3 f5 8.
Qd5 Qe7 9. Nxc7+ Kd8 10. Nxa8 b6 11. Ba4 Qe6 12. Qxe6 dxe6 13. Bxc6 Bb7 14.
Bxb7 Nxb7 15. a4 Kc8 16. f4 Kb8 17. Nxb6 axb6 18. fxe5 Bc5 19. Nf3 Rd8 20.
Ng5 Re8 21. Nxh7 Nd8 22. Nf6 Re7 23. a5 Kb7 24. a6+ Ka7 25. c3 Nc6 26. d4
Bxd4 27. cxd4 Nxd4 28. Ra4 Nb5 29. Bd2 Rc7 30. Kd1 Rc5 31. Re1 Nc7 32. Nd7
Rc6 33. Nf8 Nd5 34. Nxg6 b5 35. Ra5 Nb6 36. Be3 Kb8 37. Rxb5 Kc7 38. Rxb6
Rxb6 39. Bxb6+ Kxb6 40. Nf4 Kxa6 41. Nxe6 {Black resigns} 1-0

[Event "GambitGuide"]
[Site "Internet Chess Club"]
[Date "2014.10.30"]
[Round "1"]
[White "JSBach"]
[Black "deshpande"]
[Result "1-0"]
[ICCResult "Black checkmated"]
[WhiteElo "1707"]
[BlackElo "1602"]
[Opening "Vienna: `Frankenstein-Dracula' variation"]
[ECO "C27"]
[NIC "VG.02"]
[Time "19:25:52"]
[TimeControl "120+12"]

1. e4 e5 2. Nc3 Nf6 3. Bc4 Nxe4 4. Qh5 Nd6 5. Bb3 Nc6 6. Nb5 g6 7. Qf3 f5 8.
Qd5 Qe7 9. Nxc7+ Kd8 10. Nxa8 b6 11. Ba4 b5 12. Bxb5 Bb7 13. Bxc6 Bxc6 14.
Qa5+ Ke8 15. Nc7+ Kf7 16. Kf1 Qd8 17. Qxe5 Bg7 18. Qxd6 Qb8 19. Ke1 Rc8 20.
d4 Rxc7 21. f3 Qe8+ 22. Ne2 Rb7 23. Kf2 Rb6 24. Qc7 Rb7 25. Qd6 Rb6 26. Qc5
Bb5 27. Nc3 Bc6 28. Re1 Qd8 29. Kf1 Bf6 30. Bh6 Qb8 31. Qc4+ d5 32. Qc5 g5
33. Nxd5 Bxd5 34. Qxd5+ Kg6 35. Bxg5 Kxg5 36. h4+ Kxh4 37. Qxf5 Qg8 38. Re4+
Kg3 39. Qh3# {Black checkmated} 1-0

[Event "GambitGuide"]
[Site "Internet Chess Club"]
[Date "2014.10.30"]
[Round "1"]
[White "JSBach"]
[Black "tallulah"]
[Result "1-0"]
[ICCResult "Black resigns"]
[WhiteElo "1707"]
[BlackElo "2000"]
[Opening "Vienna: `Frankenstein-Dracula' variation"]
[ECO "C27"]
[NIC "VG.02"]
[Time "19:34:34"]
[TimeControl "120+12"]

1. e4 e5 2. Nc3 Nf6 3. Bc4 Nxe4 4. Qh5 Nd6 5. Bb3 Nc6 6. Nb5 g6 7. Qf3 f5 8.
Qd5 Qe7 9. Nxc7+ Kd8 10. Nxa8 b6 11. Ba4 Bb7 12. Nxb6 Ba8 13. Nxa8 e4 14.
Bxc6 dxc6 15. Qxc6 Bg7 16. Ne2 Qd7 17. Qc5 Re8 18. d4 exd3 19. Bg5+
{Black resigns}
1-0

[Event "GambitGuide"]
[Site "Internet Chess Club"]
[Date "2014.10.30"]
[Round "1"]
[White "JSBach"]
[Black "Qualm"]
[Result "0-1"]
[ICCResult "White checkmated"]
[WhiteElo "1707"]
[BlackElo "1730"]
[Opening "Vienna: `Frankenstein-Dracula' variation"]
[ECO "C27"]
[NIC "VG.02"]
[Time "19:28:49"]
[TimeControl "120+12"]

1. e4 e5 2. Nc3 Nf6 3. Bc4 Nxe4 4. Qh5 Nd6 5. Bb3 Nc6 6. Nb5 g6 7. Qf3 f5 8.
Qd5 Qe7 9. Nxc7+ Kd8 10. Nxa8 b6 11. Ba4 Nd4 12. f4 exf4+ 13. Kd1 Bg7 14. g4
Bb7 15. Nxb6 axb6 16. Qxb7 Nxb7 17. gxf5 Nxf5 18. d3 Re8 19. c3 Qe1+ 20. Kc2
Ne3+ 21. Bxe3 Qxe3 22. Rf1 Nc5 23. Rf3 Qe1 24. Rxf4 Bh6 25. Bxd7 Kxd7 26. d4
Bxf4 27. dxc5 bxc5 28. Kb3 Re4 29. c4 Qb4+ 30. Kc2 Re2+ 31. Nxe2 Qxc4+ 32.
Nc3 Kc7 33. Re1 Qf7 34. Re7+ Qxe7 35. Nd5+ Kd6 36. Nxe7 Kxe7 37. h3 h5 38.
a4 Kd7 39. a5 Kc6 40. Kd3 g5 41. Ke4 Kb5 42. Kd5 Be3 43. Ke4 Bd2 44. Kd3
Bxa5 45. Kc2 Bc7 46. b3 Kb4 47. Kd3 Bf4 48. Ke4 Kxb3 49. Kf5 c4 50. h4 gxh4
51. Kxf4 c3 52. Ke3 c2 53. Kf3 Kb2 54. Kg2 c1=Q 55. Kh2 Qf4+ 56. Kg2 Qg4+
57. Kf2 Qg3+ 58. Ke2 h3 59. Kd2 h2 60. Ke2 h1=Q 61. Kd2 Qhh2+ 62. Kd1 Qgg1#
{White checkmated}
0-1

[Event "GambitGuide"]
[Site "Internet Chess Club"]
[Date "2014.10.30"]
[Round "1"]
[White "JSBach"]
[Black "SeriousGacky"]
[Result "1-0"]
[ICCResult "Black resigns"]
[WhiteElo "1710"]
[BlackElo "980"]
[Opening "Vienna: `Frankenstein-Dracula' variation"]
[ECO "C27"]
[NIC "VG.02"]
[Time "19:33:29"]
[TimeControl "120+12"]

1. e4 e5 2. Nc3 Nf6 3. Bc4 Nxe4 4. Qh5 Nd6 5. Bb3 Nc6 6. Nb5 g6 7. Qf3 f5 8.
Qd5 Qe7 9. Nxc7+ Kd8 10. Nxa8 b6 11. Ba4 Qe6 12. Qxe6 dxe6 13. Bxc6 Bb7 14.
Bxb7 Nxb7 15. Nf3 Bc5 16. Nxe5 Rf8 17. f4 g5 18. fxg5 f4 19. d4 Bxd4 20.
Nc6+ Kd7 21. Nxd4 e5 22. Nf3 e4 23. Nd2 e3 24. Ne4 Rxa8 25. Nf6+ Ke6 26.
Nxh7 Rd8 27. Ke2 Nc5 28. Nf6 Kf5 29. h4 Ne4 30. Nxe4 Kxe4 31. h5 Kf5 32. g6
Rh8 33. g7 Rg8 34. h6 Kf6 35. h7 Kxg7 36. hxg8=Q+ Kxg8 37. Rf1 {Black
resigns} 1-0

[Event "GambitGuide"]
[Site "Internet Chess Club"]
[Date "2014.10.30"]
[Round "1"]
[White "JSBach"]
[Black "boveymvp"]
[Result "1/2-1/2"]
[ICCResult "Game drawn by repetition"]
[WhiteElo "1710"]
[BlackElo "1577"]
[Opening "Vienna: `Frankenstein-Dracula' variation"]
[ECO "C27"]
[NIC "VG.02"]
[Time "19:34:41"]
[TimeControl "120+12"]

1. e4 e5 2. Nc3 Nf6 3. Bc4 Nxe4 4. Qh5 Nd6 5. Bb3 Nc6 6. Nb5 g6 7. Qf3 f5 8.
Qd5 Qe7 9. Nxc7+ Kd8 10. Nxa8 b6 11. Ba4 Bb7 12. Nxb6 axb6 13. Qb3 Nc8 14.
Qd3 Qe6 15. Bb3 Qd6 16. Qxd6 Nxd6 17. d3 Nd4 18. f3 Bg7 19. Be3 Ne6 20. Bxe6
dxe6 21. Bxb6+ Kd7 22. c3 Kc6 23. Bf2 Ba6 24. Kd2 Rd8 25. b4 e4 26. d4 Nc4+
27. Ke2 Nb2+ 28. Kd2 Nc4+ 29. Ke2 Nb2+ 30. Kd2 Nc4+ 31. Ke2 Nb2+ 32. Kd2
Nc4+ 33. Ke2 {Game drawn by repetition} 1/2-1/2

[Event "GambitGuide"]
[Site "Internet Chess Club"]
[Date "2014.10.30"]
[Round "1"]
[White "JSBach"]
[Black "kingsac"]
[Result "0-1"]
[ICCResult "White checkmated"]
[WhiteElo "1710"]
[BlackElo "1964"]
[Opening "Vienna: `Frankenstein-Dracula' variation"]
[ECO "C27"]
[NIC "VG.02"]
[Time "19:33:30"]
[TimeControl "120+12"]

1. e4 e5 2. Nc3 Nf6 3. Bc4 Nxe4 4. Qh5 Nd6 5. Bb3 Nc6 6. Nb5 g6 7. Qf3 f5 8.
Qd5 Qe7 9. Nxc7+ Kd8 10. Nxa8 b6 11. Ba4 Ba6 12. Bxc6 dxc6 13. Qb3 Qb7 14.
Qe6 Nf7 15. Nf3 Bg7 16. d3 Qd7 17. Ng5 Nxg5 18. Bxg5+ Kc8 19. Qe7 Qxe7 20.
Bxe7 Kb7 21. Nxb6 axb6 22. Rb1 e4 23. dxe4 fxe4 24. Kd1 h6 25. Re1 Re8 26.
Bh4 g5 27. Bg3 h5 28. Kd2 h4 29. Bxh4 gxh4 30. g4 hxg3 31. hxg3 Bd4 32. f3
e3+ 33. Kd1 e2+ 34. Kd2 Bf2 35. Rh1 Re7 36. g4 Rd7+ 37. Kc3 Re7 38. Kd2 Rd7+
39. Kc3 b5 40. f4 b4+ 41. Kxb4 Re7 42. Rhe1 Bxe1+ 43. Rxe1 Re4+ 44. Ka5 Rxf4
45. a4 Rxg4 46. b3 Rf4 47. c4 Rf2 48. Kb4 Kb6 49. c5+ Kc7 50. Rh1 Rf1 51.
Rh7+ Kc8 52. Rh8+ Kd7 53. Rh7+ Ke6 54. Rh6+ Kd5 55. Rh5+ Kd4 56. Rh4+ Kd3
57. Rh3+ Kd2 58. Rh2 Kd1 59. Rxe2 Bxe2 60. Ka5 Kc2 61. Kb4 Rf4+ 62. Ka3 Kc3
63. a5 Rb4 64. Ka2 Rxb3 65. a6 Bxa6 66. Ka1 Kc4 67. Ka2 Rb5 68. Ka3 Kxc5 69.
Ka2 Kc4 70. Ka1 Kc3 71. Ka2 c5 72. Ka1 c4 73. Ka2 Rb3 74. Ka1 Ra3+ 75. Kb1
Ra4 76. Kc1 Ra1# {White checkmated} 0-1

[Event "GambitGuide"]
[Site "Internet Chess Club"]
[Date "2014.10.30"]
[Round "1"]
[White "JSBach"]
[Black "TwinsburgOHUSA"]
[Result "1-0"]
[ICCResult "Black resigns"]
[WhiteElo "1710"]
[BlackElo "1299"]
[Opening "Vienna: `Frankenstein-Dracula' variation"]
[ECO "C27"]
[NIC "VG.02"]
[Time "19:35:05"]
[TimeControl "120+12"]

1. e4 e5 2. Nc3 Nf6 3. Bc4 Nxe4 4. Qh5 Nd6 5. Bb3 Nc6 6. Nb5 g6 7. Qf3 f5 8.
Qd5 Qe7 9. Nxc7+ Kd8 10. Nxa8 b6 11. Ba4 Bb7 12. Nxb6 axb6 13. Qb3 b5 14.
Nf3 Kc7 15. Bxb5 Nxb5 16. Qxb5 Qc5 17. Qa4 Nb4 18. Ke2 Nxc2 19. Rb1 Nd4+ 20.
Nxd4 Qxd4 21. Qxd4 exd4 22. f3 Bd6 23. Kd3 Bc5 24. b4 Bb6 25. a4 Ra8 26. a5
Ba7 27. Re1 Bb8 28. Re7 Kd8 29. Rxh7 Bc6 30. b5 Bd5 31. Kxd4 Be6 32. b6 Rxa5
33. Rh8+ Ke7 34. Rxb8 Ra4+ 35. Kc5 Ra5+ 36. Kb4 Rd5 37. b7 Rd6 38. Re8+ Kxe8
39. b8=Q+ Ke7 40. Qb5 Bd5 41. Bb2 Bc6 42. Qc5 Ke6 43. Re1+ {Black resigns}
1-0

[Event "GambitGuide"]
[Site "Internet Chess Club"]
[Date "2014.10.30"]
[Round "1"]
[White "JSBach"]
[Black "deshpande"]
[Result "1-0"]
[ICCResult "Black checkmated"]
[WhiteElo "1710"]
[BlackElo "1602"]
[Opening "Vienna: `Frankenstein-Dracula' variation"]
[ECO "C27"]
[NIC "VG.02"]
[Time "19:36:09"]
[TimeControl "120+12"]

1. e4 e5 2. Nc3 Nf6 3. Bc4 Nxe4 4. Qh5 Nd6 5. Bb3 Nc6 6. Nb5 g6 7. Qf3 f5 8.
Qd5 Qe7 9. Nxc7+ Kd8 10. Nxa8 b6 11. Ba4 Nb4 12. Qb3 Bb7 13. Qxb4 Bxa8 14.
f3 Bg7 15. d3 e4 16. fxe4 fxe4 17. Bg5 Qxg5 18. Qxd6 Qe3+ 19. Ne2 Rf8 20.
Qxd7# {Black checkmated} 1-0

[Event "GambitGuide"]
[Site "Internet Chess Club"]
[Date "2014.10.30"]
[Round "1"]
[White "JSBach"]
[Black "kaisar"]
[Result "1-0"]
[ICCResult "Black resigns"]
[WhiteElo "1713"]
[BlackElo "1311"]
[Opening "Vienna: `Frankenstein-Dracula' variation"]
[ECO "C27"]
[NIC "VG.02"]
[Time "19:35:00"]
[TimeControl "120+12"]

1. e4 e5 2. Nc3 Nf6 3. Bc4 Nxe4 4. Qh5 Nd6 5. Bb3 Nc6 6. Nb5 g6 7. Qf3 f5 8.
Qd5 Qe7 9. Nxc7+ Kd8 10. Nxa8 b6 11. Ba4 Bb7 12. Nxb6 axb6 13. Qb3 b5 14.
Nf3 bxa4 15. Qxa4 Kc7 16. d3 Nd4 17. Qa5+ Kb8 18. Nxd4 exd4+ 19. Kf1 Bg7 20.
Bf4 Rc8 21. Re1 Qf8 22. Qb4 Rc6 23. Re2 Bf6 24. Qa5 Bd8 25. Qd5 Bc7 26. Qxd4
Nb5 27. Qxd7 Qc5 28. Re8+ Ka7 29. Be3 Bb6 30. Bxc5 Bxc5 31. Qxh7 Nd4 32. c3
Nc2 33. d4 Bb6 34. Re7 {Black resigns} 1-0

[Event "GambitGuide"]
[Site "Internet Chess Club"]
[Date "2014.10.30"]
[Round "1"]
[White "JSBach"]
[Black "SeriousGacky"]
[Result "1-0"]
[ICCResult "Black resigns"]
[WhiteElo "1713"]
[BlackElo "980"]
[Opening "Vienna: `Frankenstein-Dracula' variation"]
[ECO "C27"]
[NIC "VG.02"]
[Time "19:35:56"]
[TimeControl "120+12"]

1. e4 e5 2. Nc3 Nf6 3. Bc4 Nxe4 4. Qh5 Nd6 5. Bb3 Nc6 6. Nb5 g6 7. Qf3 f5 8.
Qd5 Qe7 9. Nxc7+ Kd8 10. Nxa8 b6 11. Ba4 Bb7 12. Nxb6 axb6 13. Qb3 Kc7 14.
Ne2 e4 15. d4 exd3 16. Qxd3 Bg7 17. O-O Re8 18. Rd1 Ne4 19. Bxc6 Bxc6 20.
Qa6 g5 21. Nd4 f4 22. Nxc6 dxc6 23. Qa7+ Kc8 24. Qxb6 Qc7 25. Qb3 Qa7 26.
Qf3 Bd4 27. Kf1 Nxf2 28. Qxc6+ Qc7 29. Qxe8+ Kb7 30. Rxd4 Ng4 31. Rb4+ Ka6
32. Qb5+ Ka7 33. Qa4+ {Black resigns} 1-0

[Event "GambitGuide"]
[Site "Internet Chess Club"]
[Date "2014.10.30"]
[Round "1"]
[White "JSBach"]
[Black "Ricardov"]
[Result "1/2-1/2"]
[ICCResult "Game drawn by mutual agreement"]
[WhiteElo "1713"]
[BlackElo "2155"]
[Opening "Vienna: `Frankenstein-Dracula' variation"]
[ECO "C27"]
[NIC "VG.02"]
[Time "19:27:14"]
[TimeControl "120+12"]

1. e4 e5 2. Nc3 Nf6 3. Bc4 Nxe4 4. Qh5 Nd6 5. Bb3 Nc6 6. Nb5 g6 7. Qf3 f5 8.
Qd5 Qe7 9. Nxc7+ Kd8 10. Nxa8 b6 11. Ba4 Bb7 12. Nxb6 axb6 13. Qb3 Kc7 14.
Ne2 h5 15. Qg3 g5 16. Nc3 Nd4 17. O-O b5 18. Bb3 b4 19. Rd1 bxc3 20. Qxc3+
Kb8 21. Re1 Ne4 22. Qa5 Qc5 23. Qd8+ Ka7 24. Kf1 Ne6 25. d4 Nxd8 26. dxc5
Ba6+ 27. c4 Nc6 28. f3 Nxc5 29. Bxg5 Bg7 30. Be3 Kb6 31. Rac1 d5 32. Bc2 d4
33. Bd2 Bxc4+ 34. Kf2 Bd3 35. b4 Ne4+ 36. fxe4 fxe4 37. Bxd3 exd3 38. a4
Rf8+ 39. Kg1 Ne7 40. b5 Nd5 41. Rc6+ Kb7 42. a5 Rf6 43. Rxe5 Rxc6 44. bxc6+
Kxc6 45. Rxh5 Nc3 46. h4 Ne4 47. Rh7 Bf8 48. Rh8 Bc5 49. Rc8+ Kd5 50. a6 Bb6
51. Rb8 Kc6 52. Ba5 Ba7 53. Rb7 Bc5 54. Rc7+ Kb5 55. Rxc5+ Nxc5 56. a7 Kxa5
57. a8=Q+ Kb4 58. Qd5 Nb3 59. Qd6+ Kc3 60. Qc6+ Kb2 61. g4 d2 62. Qg2 Kc1
63. Qc6+ Kb2 64. Qf3 Kc1 65. Qxb3 d1=Q+ 66. Qxd1+ Kxd1 67. h5 d3 68. h6 d2
69. h7 Ke2 70. Kh2 d1=Q 71. h8=Q Qd6+ 72. Kh3 Qd3+ 73. Kh2 Qd6+ 74. Kg2 Qc6+
75. Kh2 Kf3 76. Qh3+ Kf4 77. Qg3+ Kg5 78. Qh3 Qc2+ 79. Kg3 Qd3+ 80. Kg2 Qe2+
81. Kg3 Qe3+ 82. Kg2 Qe4+ 83. Kf2 Qf4+ 84. Qf3 Qxg4 85. Qd5+
{Game drawn by mutual agreement}
1/2-1/2

[Event "GambitGuide"]
[Site "Internet Chess Club"]
[Date "2014.10.30"]
[Round "1"]
[White "JSBach"]
[Black "deshpande"]
[Result "1-0"]
[ICCResult "Black resigns"]
[WhiteElo "1713"]
[BlackElo "1602"]
[Opening "Vienna: `Frankenstein-Dracula' variation"]
[ECO "C27"]
[NIC "VG.02"]
[Time "19:37:26"]
[TimeControl "120+12"]

1. e4 e5 2. Nc3 Nf6 3. Bc4 Nxe4 4. Qh5 Nd6 5. Bb3 Nc6 6. Nb5 g6 7. Qf3 f5 8.
Qd5 Qe7 9. Nxc7+ Kd8 10. Nxa8 b6 11. Ba4 Nb4 12. Qb3 Bb7 13. Qxb4 Bxa8 14.
f3 Bg7 15. d3 Re8 16. Bb3 e4 17. dxe4 fxe4 18. f4 e3 19. Nf3 Bxf3 20. gxf3
Qh4+ 21. Ke2 Nf5 22. Kd3 Qf6 23. Re1 a5 24. Qb5 Qd6+ 25. Qd5 Qxf4 26. Qa8+
Ke7 27. Qe4+ Qe5 28. Qxe5+ Bxe5 29. Bxe3 {Black resigns} 1-0